Description

2 Base 4 Gate Glaives Timing Attack, used by Zest v Serral in IEM Katowice 2020. Slightly refined since then, and presented by Harstem.

No probes listed in build for less clutter in app.

VOD

https://www.youtube.com/watch?v=8mL7dMpMvnA&t=1s

Replay - 2020-04-21 - (Z)AGOElazer VS (P)Harstem

Build Order

Get SALT Encoding   

  13  0:14  Pylon With starting probe; Delay second probe  
  16  0:43  Gateway Chrono Probes  
  16  0:50  Assimilator  
  20  1:28  Nexus Delay probe until core  
  20  1:37  Cybernetics Core  
  21  1:45  Assimilator  
  22  2:00  Pylon  
  23  2:17  Adept (Chrono Boost), Warp Gate  
  26  2:26  Twilight Council  
  27  2:38  Stalker  
  31  2:56  Robotics Facility Pull 2 off gas  
  34  3:07  Gateway  
  35  3:15  Resonating Glaives (Chrono Boost) Three Chronos  
  36  3:25  Adept Cut Probes @ 32, Pull 1 off gas  
  38  3:31  Gateway x2  
  38  3:43  Warp Prism (Chrono Boost) One Chrono, Resume Probes  
  41  3:51  Pylon  
  42  3:58  Pylon  
  42  4:05  Adept x2 Move Out  
  48  4:21  Pylon  
  50  4:24  Adept x4 @ Prism and Push  
Spawning Tool Build Advisor. Get it on Overwolf

Analysis

  • First pylon is built at 13 supply with one of the initial 12 probes; probe 14 is delayed until after pylon. This is to deny the Zerg's natural with the probe that builds the pylon.

  • After building robo pull two probes out of gas. After starting 2nd adept pull another probe off gas. Leave just three probes in gas until push and both mineral lines are saturated.

  • Move out with 4 adepts and prism @ 4:10. Warp in 4 more adepts at prism. Push with 6, send prism to main with other 2.

  • If lings attack while pushing, warp in one adept at home and strengthen wall if needed. Don't warp in too much at home.

  • Follow up: Two gasses, Immortal, 3rd base, forge, blink, etc.

Go to:

Details

  • Created by: KillerFlea
  • Published on: May 17, 2020
  • Modified on: May 17, 2020
  • Patch: 4.11.0
Show
View Real Time Build Order
Export as new Build Order

Comments (2)

On May 24, 2020, 9:36 p.m., AtticusPrime  said:

LOL, nevermind.

On May 24, 2020, 12:46 p.m., AtticusPrime  said:

Question: Why does the SALT code line not show?

Create an account to comment!